[Event "Olomouc Chess Summer-IM 2022"]
[Site "Olomouc"]
[Date "2022.08.14"]
[Round "3.4"]
[White "Pap, Gyula"]
[Black "Baum, Jonasz"]
[Result "1/2-1/2"]
[ECO "B51"]
[WhiteElo "2481"]
[BlackElo "2410"]
[Annotator "TA"]
[PlyCount "24"]
[EventDate "2022.08.10"]
[EventCountry "CZE"]
[SourceTitle "playchess.com"]
[Source "ChessBase"]
[SourceQuality "1"]
[TimeControl "40/5400+30:1800+30"]

1. e4 c5 2. Nf3 d6 3. Bb5+ Nd7 4. d4 cxd4 5. Qxd4 a6 6. Be2 {[%emt 0:05:38] B51: Sicilian: Moscow Variation (3 Bb5+) without 3...Bd7.} e5 7. Qe3 Ngf6 8. c4 {[%emt 0:02:19] Inhibits b5. The position is equal.} d5 9. cxd5 Bc5 {[%emt 0:00:06][%mdl 64] [#] Deflection} 10. Qb3 ({Don't take} 10. Qd3 $6 Qb6 $14) 10... Nxe4 {[%emt 0:01:34] [#]} 11. Be3 $146 ({Predecessor:} 11. O-O Qb6 12. Qxb6 Bxb6 13. Nbd2 Nd6 14. Nc4 Nxc4 15. Bxc4 f6 16. Nd2 Bd4 17. Ne4 {0-1 (49) Gavrilescu,D (2436)-Kotronias,V (2509) Budapest 2018}) 11... O-O 12. O-O Bxe3 {[%emt 0:11:13] White did not feel at home in the position after the opening.  Weighted Error Value: White=0.05 (flawless) /Black=0.02 (flawless)} 1/2-1/2

[Event "Olomouc Chess Summer-IM 2022"]
[Site "Olomouc"]
[Date "2022.08.14"]
[Round "3.6"]
[White "Stinka, Jakub"]
[Black "Jurek, Josef"]
[Result "1/2-1/2"]
[ECO "E12"]
[WhiteElo "2335"]
[BlackElo "2200"]
[Annotator "TA"]
[PlyCount "72"]
[EventDate "2022.08.10"]
[EventCountry "CZE"]
[SourceTitle "playchess.com"]
[Source "ChessBase"]
[SourceQuality "1"]
[TimeControl "40/5400+30:1800+30"]

1. d4 Nf6 2. Nf3 e6 3. c4 b6 4. a3 Ba6 5. Qc2 c5 6. d5 exd5 7. cxd5 g6 8. Nc3 Bg7 9. g3 O-O 10. Bg2 d6 11. O-O Nbd7 12. Re1 {[%emt 0:01:58] E12: Queen's Indian: Unusual White 4th moves, 4 a3, 4 Nc3 Bb7 5 a3 and 4 Nc3 Bb7 .} b5 13. h3 Qb6 14. e4 {[%emt 0:02:21] White is slightly better.} Rfe8 15. Be3 Bb7 16. Nd2 $1 {[%emt 0:11:07] White is more active.} a6 17. a4 $1 b4 {[%emt 0:06:18] [#]} 18. a5 $146 ({Predecessor:} 18. Nc4 Qc7 19. Nb1 Nb6 20. Nxb6 Qxb6 21. Nd2 Nd7 22. Nc4 Qc7 23. a5 Ne5 24. Nb6 {0-1 (57) Riazantsev,A (2510)-Aseev,K (2577) Elista 2001}) 18... Qc7 19. Ncb1 Ne5 20. f4 Ned7 21. Nc4 Nh5 (21... Rad8 $16 22. Nbd2 h6) 22. g4 $18 Nhf6 23. Nbd2 h6 24. Rad1 Rad8 25. Nb3 Nh7 26. Bf2 g5 27. Bg3 (27. e5 $1 $18 dxe5 28. fxe5) 27... gxf4 $16 28. Bxf4 Ne5 29. Nbd2 Nf8 (29... f6 $16) 30. Nxe5 $18 Bxe5 31. Bxh6 Bd4+ 32. Kh1 Ng6 (32... Qe7 $142 33. Rf1 Ng6) 33. Nc4 {[%emt 0:06:11] Strongly threatening Rf1.} Qe7 {[%emt 0:03:40] [#]} 34. Qd2 (34. Rxd4 $1 $18 cxd4 35. Qd2) 34... Bc8 $16 35. Rf1 (35. Be3 $16) 35... Bxg4 $1 $11 36. Rde1 {[%emt 0:02:10] aiming for e5.} ({Wrong is} 36. Nxd6 $2 Rxd6 37. Bg5 f6 $19) 36... Bd7 $2 {[%emt 0:02:40][%mdl 40960] Weighted Error Value: White=0.20 (precise) /Black=0.18 (very precise) . An unexpected result.} (36... Qh4 $11) 1/2-1/2

[Event "Olomouc Chess Summer-IM 2022"]
[Site "Olomouc"]
[Date "2022.08.14"]
[Round "3.7"]
[White "Kukelko, Alexey"]
[Black "Poschadel, Andreas Gregor"]
[Result "1-0"]
[ECO "B10"]
[WhiteElo "2260"]
[BlackElo "2101"]
[Annotator "TA"]
[PlyCount "63"]
[EventDate "2022.08.10"]
[EventCountry "CZE"]
[SourceTitle "playchess.com"]
[Source "ChessBase"]
[SourceQuality "1"]
[TimeControl "40/5400+30:1800+30"]

1. e4 c6 2. c4 d5 3. exd5 cxd5 4. cxd5 Nf6 5. Bb5+ Bd7 6. Bc4 b5 7. Bb3 Bg4 (7... a5 $11) 8. Nf3 {[%emt 0:05:05] h3 is the strong threat. B10: Caro-Kann: 2 d3 and 2 c4.} Nbd7 (8... a5 $14) 9. d4 Nb6 10. Qd3 {[%emt 0:00:26] [#] And now Ne5 would win. White is better.} a6 $146 (10... Bxf3 $16 {is a better defense.} 11. Qxf3 (11. Qxb5+ Qd7 $14) 11... Nfxd5) ({Predecessor:} 10... Bxf3 11. Qxf3 Nbxd5 12. Nc3 Nxc3 13. Qc6+ Nd7 14. bxc3 Qc8 15. Qf3 e6 16. O-O Be7 {1-0 (23) Grachev,B (2675)-Kljucharev,S (2375) Olginka 2011}) 11. Ne5 $18 Nbxd5 12. a4 b4 (12... e6 $16 {was called for.}) 13. a5 Qd6 $2 (13... Bd7 {was necessary.} 14. Nxd7 Kxd7) 14. Bg5 Bd7 15. Nxd7 Nxd7 16. Nd2 {[%emt 0:00:12][%cal Bb1d2,Bd2c4,Bc4e3][%mdl 32] Strongly threatening Ne4.} e6 17. O-O {[%emt 0:06:41] Black must now prevent Rfe1.} N5f6 $2 (17... h6) 18. Ba4 Qd5 19. Bxf6 gxf6 20. Nc4 {[%emt 0:00:54] aiming for Nb6.} Bc5 21. Ne3 Qd6 (21... Qxd4 22. Rfd1 Qxd3 23. Rxd3 O-O) 22. Qe4 Rc8 23. dxc5 Qxc5 24. Rfd1 Rd8 25. Bxd7+ Kf8 {[#]} 26. Bxe6 $1 Rxd1+ (26... Re8 27. Qf4) 27. Rxd1 fxe6 28. Rd8+ Kg7 29. Qg4+ Qg5 30. Qxg5+ fxg5 31. Rxh8 Kxh8 32. Nc2 {[%emt 0:00:02] Weighted Error Value: White=0.27 (precise) /Black=1.02} 1-0

[Event "Olomouc Chess Summer-IM 2022"]
[Site "Olomouc"]
[Date "2022.08.14"]
[Round "3.8"]
[White "Jasny, Stanislav"]
[Black "Lalic, Bogdan"]
[Result "1/2-1/2"]
[ECO "E20"]
[WhiteElo "2261"]
[BlackElo "2412"]
[Annotator "TA"]
[PlyCount "34"]
[EventDate "2022.08.10"]
[EventCountry "CZE"]
[SourceTitle "playchess.com"]
[Source "ChessBase"]
[SourceQuality "1"]
[TimeControl "40/5400+30:1800+30"]

1. d4 Nf6 2. c4 e6 3. Nc3 Bb4 4. Bd2 O-O 5. Nf3 b6 6. e3 Bb7 7. Bd3 d5 8. cxd5 {[%emt 0:00:34] 8.cxd5 is better than 8.0-0.} exd5 9. O-O {[%emt 0:01:26] [#]} {Predecessor:} Be7 $146 {E52: Nimzo-Indian: Rubinstein: 4...0-0 5 Nf3 d5 6 Bd3 b6.} 10. Ne5 c5 11. f4 Nc6 12. Ne2 Ne4 13. Bxe4 dxe4 14. Nxc6 Bxc6 15. Bc3 Bb5 16. Rf2 Bd3 17. dxc5 bxc5 {½-½ (32) So,W (2772)-Le,Q (2709) chess24.com INT 2021} 1/2-1/2

[Event "Olomouc Chess Summer-IM 2022"]
[Site "Olomouc"]
[Date "2022.08.14"]
[Round "3.10"]
[White "Nytra, Ondrej"]
[Black "Kusa, Jakub"]
[Result "1-0"]
[ECO "C54"]
[WhiteElo "2214"]
[BlackElo "2353"]
[Annotator "TA"]
[PlyCount "59"]
[EventDate "2022.08.10"]
[EventCountry "CZE"]
[SourceTitle "playchess.com"]
[Source "ChessBase"]
[SourceQuality "1"]
[TimeControl "40/5400+30:1800+30"]

1. e4 e5 2. Nf3 Nc6 3. Bc4 Bc5 4. c3 Nf6 5. d3 d6 6. O-O Bb6 7. a4 a5 {[%emt 0:01:33] C54: Giuoco Piano: 4 c3 Nf6, main lines with 5 d4 and 5 d3.} 8. Be3 Bxe3 9. fxe3 O-O {[%emt 0:01:15] The position is equal.} 10. Nbd2 Qe7 {[%emt 0:03:08] [#]} 11. Qe1 $146 ({Predecessor:} 11. Qb3 Nd8 12. d4 b6 13. Rae1 Rb8 14. Qc2 Bb7 15. Nh4 g6 16. Re2 Ne6 17. Nhf3 {½-½ (35) Sirotine,K (2326)-Ponkratov,P (2407) Dagomys 2004}) 11... Be6 12. Nh4 Bxc4 13. Nf5 Qe6 14. Nxc4 Ne7 15. Qg3 {[%emt 0:04:17][%csl Gf5][%cal Rg3g7] [#]} Nxf5 16. exf5 Qd5 17. e4 $1 Qc5+ ({Don't play} 17... Nxe4 18. dxe4 Qxc4 19. f6 $16) 18. Kh1 Rfe8 (18... Nxe4 $2 19. dxe4 f6 20. Qd3 $18) 19. Qe3 Qc6 20. Nd2 d5 21. g4 (21. exd5 $11 {keeps the balance.} Nxd5 22. Qf3) 21... dxe4 ({Black should play} 21... Nxg4 $17 22. Qg5 Qh6 23. Qxg4 Qxd2) 22. Nxe4 $15 Nd5 ({Reject} 22... Nxg4 23. Qg5 Nf6 24. Rg1 $11) 23. Qg3 Rad8 {[%emt 0:07:20] ...Nf4 is the strong threat.} 24. Rae1 f6 25. g5 fxg5 26. Qxg5 Nf6 $2 {[%emt 0:00:19][%mdl 8192] This move loses the game for Black.} (26... Kh8 $11 {and Black has nothing to worry.}) 27. Rg1 $1 $18 {[%emt 0:00:36][%csl Gg1,LRf6,LRg7][%cal Rg5g7] [#] White is clearly winning.} Re7 28. Qxf6 $1 Qxf6 29. Nxf6+ Kf7 30. Ng4 {[%emt 0:01:09] Weighted Error Value: White=0.16 (very precise) /Black=0.40} 1-0

[Event "Olomouc Chess Summer-IM 2022"]
[Site "Olomouc"]
[Date "2022.08.14"]
[Round "3.11"]
[White "Paseka, Matyas"]
[Black "Obsivac, Josef"]
[Result "1/2-1/2"]
[ECO "B43"]
[WhiteElo "2218"]
[BlackElo "2272"]
[Annotator "TA"]
[PlyCount "137"]
[EventDate "2022.08.10"]
[EventCountry "CZE"]
[SourceTitle "playchess.com"]
[Source "ChessBase"]
[SourceQuality "1"]
[TimeControl "40/5400+30:1800+30"]

1. e4 c5 2. Nf3 e6 3. d4 cxd4 4. Nxd4 a6 5. Nc3 b5 6. a3 Bb7 7. Bd3 Qb6 8. Nb3 {[%emt 0:01:04] B43: Sicilian: Kan Variation: 5 Nc3.} Qc7 9. Qe2 d6 10. Bd2 {[%emt 0:01:46] [#] White is slightly better.} Nd7 $146 ({Predecessor:} 10... Nf6 11. O-O Be7 12. f4 Nbd7 13. Rae1 e5 14. Kh1 O-O 15. Nd1 Rfe8 16. Na5 Bc8 {1-0 (36) Ochirsukh,B (1804)-Marasinghe,H (1832) Ulaanbaatar 2016}) 11. a4 b4 12. Na2 a5 (12... Ngf6 $14) 13. c3 $16 Ngf6 14. cxb4 axb4 15. Nxb4 Be7 16. O-O O-O 17. Rfc1 Nc5 18. e5 Nfd7 19. Bf4 (19. Qh5 $6 g6 20. Qe2 Qb8 21. Nxc5 dxc5 $11) ({Better is} 19. Bb5 $16) 19... Qb6 (19... dxe5 $14 20. Be3 (20. Qh5 $2 g6 $19) 20... Rac8) 20. exd6 $1 Nxd3 21. Qxd3 ({Not} 21. dxe7 Nxc1 22. exf8=Q+ (22. exf8=R+ Nxf8 23. Bxc1 Qxb4 $11) 22... Nxf8 23. Bxc1 (23. Rxc1 Qxb4 24. Qe3 Rxa4 $11) 23... Qxb4 $11) (21. Nxd3 $18 {has better winning chances.} Bxd6 22. Bxd6 Qxd6 23. Nbc5) 21... Bf6 22. Rc4 (22. Bd2 $1 $16) 22... Bxb2 $14 23. Ra2 {[%emt 0:09:08] Strongly threatening a5.} Ne5 (23... Be5 $1 $14) 24. Bxe5 $16 Bxe5 {[%emt 0:00:03] A strong pair of Bishops.} 25. d7 $36 {[%emt 0:01:56][%mdl 2048] White has strong initiative.} (25. Rh4 f5 26. a5 (26. d7 $2 Be4 $19) 26... Qxd6 27. Qxd6 Bxd6 $15) 25... Rfd8 26. Rh4 $2 {[%emt 0:05:40] [#]} (26. a5 $16 {stays on course.} Qb5 27. Nc5) 26... g6 (26... Rxd7 $1 $17 27. Qxd7 Rd8) 27. a5 $11 {[%emt 0:00:05] Chess con chili.} Qc7 28. Rd2 Bf6 ({Black should try} 28... Rab8 $1 $11) 29. Rc4 $14 Qe5 30. h3 {[%emt 0:01:16] Active counter play!} ({White should play} 30. Rd1 $14) 30... Qe1+ (30... Qb5 $1 $11) 31. Kh2 {[%emt 0:00:12] And now Nc5 would win.} Qe5+ 32. f4 Qb5 33. Nc5 (33. Qc2 $1 $14) 33... Bd5 $2 (33... Rxa5 $15 34. Rdc2 (34. Nxb7 Qxb7 35. Qd6 Ra7 $17) 34... Ba8) 34. Nxd5 $18 exd5 35. Qxd5 Rxa5 36. Qe4 {[%emt 0:01:09] Inhibits Be7.} Ra7 {[%emt 0:01:02] Inhibits Nb7.} 37. Rd6 {[%emt 0:00:25] Against Qb6} Qb2 (37... Bg7 38. Rd1 Qb6 39. Qe8+ Bf8) 38. Qe8+ (38. Nd3 $142 Qa1 39. Rcc6) 38... Kg7 39. Ne4 $2 (39. Qe1 $18) 39... Raxd7 $2 40. Qxd7 Rxd7 41. Rxd7 Bh4 {[%emt 0:04:17] [#]} 42. Nd2 {[%emt 0:00:00] Inhibits Qb3.} (42. Nd6 $1 $18 Kf6 43. Re4) 42... Bf2 43. Nf3 Qb3 44. Rcc7 Be3 45. Kg3 {[%emt 0:00:00] Threatens to win with Re7.} Qa2 {[%emt 0:00:38] ...Qf2+ is the strong threat.} 46. Rxf7+ Qxf7 47. Rxf7+ Kxf7 $14 {[%emt 0:00:07][%mdl 4096] Endgame KB-KN} 48. Ng5+ Kg7 49. Kf3 Bc1 50. Ke4 Bb2 51. Kd5 Bc1 52. g3 Bd2 53. Ke6 Bc1 54. Ne4 Be3 55. Ke7 {[%emt 0:00:37] Black must now prevent Nd6.} Bc1 56. Nf2 Be3 57. Nd3 {[%emt 0:00:06] Against Bc5+} Bd4 $2 {[%emt 0:00:29] [#]} (57... h5 $1 $14) 58. g4 $1 $18 Bc3 59. f5 $2 ({White has to play} 59. Ke6 $18) 59... h5 $11 {[%emt 0:01:06] The position is equal.} 60. Nf4 {[%emt 0:01:13] Threatening mate with Ne6+.} hxg4 61. hxg4 {[%emt 0:00:39] White threatens Ne6+ and mate.} gxf5 62. gxf5 Bb2 63. Ke6 Ba1 64. Nd5 Bb2 65. Nb6 Bc3 66. Nd7 Bb2 67. Ne5 Bxe5 {[%emt 0:00:32][%mdl 64] Remove Defender} 68. Kxe5 {[%emt 0:00:04] Intending Ke6 and mate.} Kf7 69. Ke4 {Weighted Error Value: White=0.47/Black=0.51} 1/2-1/2

[Event "Olomouc Chess Summer-IM 2022"]
[Site "Olomouc"]
[Date "2022.08.14"]
[Round "3.12"]
[White "Saypuri Srithan"]
[Black "Nemec, Jachym"]
[Result "1/2-1/2"]
[ECO "B90"]
[WhiteElo "1923"]
[BlackElo "2357"]
[Annotator "TA"]
[PlyCount "96"]
[EventDate "2022.08.10"]
[EventCountry "CZE"]
[SourceTitle "playchess.com"]
[Source "ChessBase"]
[SourceQuality "1"]
[TimeControl "40/5400+30:1800+30"]

1. e4 c5 2. Nf3 d6 3. d4 cxd4 4. Nxd4 Nf6 5. Nc3 a6 6. h3 e5 7. Nb3 Be7 {[%emt 0:03:00] B90: Sicilian Najdorf: Unusual White 6th moves, 6 Be3 Ng4 and 6 Be3 e5.} 8. g4 {[%emt 0:00:06] is now debated instead of 8.Be3.} h6 9. Be3 Nbd7 {[%emt 0:01:48] The position is equal.} 10. a4 Nf8 11. Qd2 Ng6 12. O-O-O {[%emt 0:06:29] [#]} Bd7 $146 ({Predecessor:} 12... Be6 13. f3 Nd7 14. Nd5 Bxd5 15. Qxd5 Qc7 16. Qc4 Qd8 17. Kb1 Rc8 18. Qd5 Qc7 19. c3 O-O 20. Qa5 Qc6 21. Qb4 Qc7 22. Qa5 {½-½ (22) Bacrot,E (2669)-Ragger,M (2669) Zagreb 2019}) 13. Kb1 Bc6 (13... b5 $11) 14. Bd3 (14. f3 $14) 14... Nd7 15. a5 Rc8 16. Nd5 Bg5 17. Qb4 Bxd5 18. exd5 {[%emt 0:00:16] Strongly threatening Bxg5.} Bxe3 19. fxe3 Qc7 20. Nd2 O-O 21. Ne4 Nc5 22. Nxc5 Qxc5 ({Better is} 22... dxc5 23. Qc4 e4 24. Bxe4 (24. Qxe4 Rcd8 $16) 24... Ne5) 23. Qe4 $1 $16 ({Not} 23. Qxb7 $2 e4 24. Qb6 (24. Bxa6 $2 Qxc2+ 25. Ka2 Rb8 $19) (24. Bxe4 $2 Rb8 $19) 24... exd3 25. Qxc5 Rxc5 $19) 23... Rfe8 ({Much worse is} 23... Qxa5 $6 24. h4 Rfe8 25. g5 $11) 24. h4 (24. Rdf1 $16) 24... Nf8 $1 $14 25. Rdf1 {[%emt 0:02:30] Threatens to win with h5.} Qxa5 26. h5 {[%emt 0:03:02][%cal Og4g5] g5! is the strong threat.} Qd8 27. g5 $1 Qxg5 28. Rhg1 $1 $36 {[%emt 0:02:02][%mdl 2048] White has good play.} Qe7 (28... f5 $1 $14 29. Qf3 Qd8) 29. Rf2 (29. Rg4 $142) 29... Rc7 (29... Kh8 $142) 30. Rfg2 $1 $16 {[%emt 0:00:31] 0x0.002360e05ab2dp-1022s more active pieces.} f6 31. Rg4 $2 {[%emt 0:00:33] [#]} (31. Rxg7+ $16 Qxg7 32. Rxg7+ Rxg7 33. Qb4) 31... Qf7 $2 (31... Qd8 $1 $17) 32. Qb4 ({White should try} 32. Rxg7+ $16 Qxg7 33. Rxg7+ Rxg7 34. Qb4) 32... Qxd5 $2 (32... Qxh5 $11 {and Black is okay.} 33. Qxd6 Rf7) 33. Bc4 $18 {[%emt 0:00:31][%mdl 64] Deflection} Rxc4 34. Rxg7+ Kh8 {[%emt 0:00:04] [#]} 35. Rg8+ (35. Qd2 $142 $3 Rc7 36. Qxd5 Rxg7 37. Rxg7 Kxg7 38. Qxb7+ Kg8 39. b4) 35... Qxg8 36. Rxg8+ Kxg8 37. Qxc4+ {[%emt 0:00:03][%mdl 4096] Endgame KQ-KRN} Ne6 38. Qg4+ Ng7 39. Qg6 Re6 40. Qxh6 {[%emt 0:00:09] aiming for e4.} f5 41. Qg5 {[%emt 0:30:09][%mdl 1024] White has strong compensation.} Kh7 {[%emt 0:30:12] Inhibits h6.} 42. b3 Rh6 43. Qe7 b5 44. Qc7 (44. Kc1 $16) 44... Rf6 $1 $11 45. Qe7 (45. c4 $11) 45... Rh6 $18 46. Qc7 $2 ({White should play} 46. Kb2 $18) 46... Re6 $2 (46... Rf6 $1 $11 {and Black has nothing to worry.}) 47. c4 (47. Kb2 $18) 47... bxc4 $16 48. bxc4 Kh6 {Weighted Error Value: White=0.40/Black=0.35} 1/2-1/2

[Event "Olomouc Chess Summer-IM 2022"]
[Site "Olomouc"]
[Date "2022.08.14"]
[Round "3.13"]
[White "Mannion, Stephen R"]
[Black "Mica, Marek"]
[Result "1/2-1/2"]
[ECO "B12"]
[WhiteElo "2232"]
[BlackElo "2304"]
[Annotator "TA"]
[PlyCount "38"]
[EventDate "2022.08.10"]
[EventCountry "CZE"]
[SourceTitle "playchess.com"]
[Source "ChessBase"]
[SourceQuality "1"]
[TimeControl "40/5400+30:1800+30"]

1. e4 c6 2. d4 d5 3. e5 Bf5 4. Nd2 e6 5. Nb3 Nd7 6. Nf3 Ne7 {[%emt 0:00:17] B12: Caro-Kann: Advance Variation.} 7. Be2 h6 8. O-O g5 {[%emt 0:00:17] The position is equal.} 9. a4 {[%emt 0:01:22] 9.Bd2 is the recent fashion.} Bg7 10. a5 O-O 11. Ne1 {[%emt 0:16:07] [#]} (11. c3 $14) 11... Bg6 $146 (11... c5 $11) ({Predecessor:} 11... c5 12. c3 cxd4 13. cxd4 f6 14. exf6 Nxf6 15. Nd3 Nc6 16. Be3 Ne4 17. Ndc5 Nxc5 18. Nxc5 {0-1 (47) Pijpers,A (2476)-Soors,S (2390) Amsterdam 2016}) 12. f4 gxf4 13. Nd3 {[%emt 0:04:46] Against c5} c5 $2 {[%emt 0:09:55] [#]} (13... Bxd3 $14 14. Bxd3 (14. Qxd3 c5 $11) 14... Ng6) 14. Nbxc5 Nxc5 15. Nxc5 Nc6 16. c3 (16. Bxf4 Qe7 17. Qd2 b6) (16. Rxf4 Qc7) 16... Nxa5 (16... b6 $2 17. axb6 axb6 18. Rxa8 Qxa8 19. Nd7 $18) 17. b4 ({Don't take} 17. Rxf4 b6 $16) 17... b6 18. bxa5 ({Less strong is} 18. Rxf4 bxc5 19. Rxa5 cxd4 20. cxd4 (20. Qxd4 Qc7 $17) 20... Qe7 $14) (18. Nd3 $18 f3 19. Rxf3 (19. bxa5 fxe2 20. Qxe2 Qc7 $14)) 18... bxc5 $14 19. Bxf4 c4 {[%emt 0:05:36] Weighted Error Value: White=0.28 (precise) /Black=0.29 (precise)} 1/2-1/2

[Event "Olomouc Chess Summer-IM 2022"]
[Site "Olomouc"]
[Date "2022.08.14"]
[Round "3.14"]
[White "Biolek, Richard Jr."]
[Black "Shubin, Daniel"]
[Result "1-0"]
[ECO "C17"]
[WhiteElo "2437"]
[BlackElo "2120"]
[Annotator "TA"]
[PlyCount "57"]
[EventDate "2022.08.10"]
[EventCountry "CZE"]
[SourceTitle "playchess.com"]
[Source "ChessBase"]
[SourceQuality "1"]
[TimeControl "40/5400+30:1800+30"]

1. e4 e6 2. d4 d5 3. Nc3 Bb4 4. e5 c5 5. Bd2 Ne7 6. Nb5 Bxd2+ 7. Qxd2 O-O 8. f4 cxd4 (8... a6 $15 9. Nd6 cxd4) 9. Nf3 {[%emt 0:01:23] C17: French: 3 Nc3 Bb4 4 e5 c5 sidelines.} Qb6 {[%emt 0:02:29] [#]} 10. Qxd4 $146 ({Predecessor:} 10. O-O-O Bd7 11. Nbxd4 Nbc6 12. Nxc6 Nxc6 13. Kb1 Rac8 14. h4 Na5 15. Qd4 Qxd4 16. Nxd4 Nc4 {½-½ (42) Zill,C (2159)-Nuber,K (2264) Bayern 2017}) 10... Qxd4 11. Nbxd4 {[%emt 0:00:42] White has an edge.} a6 12. Bd3 Nbc6 13. Kd2 Nxd4 14. Nxd4 Nc6 15. c3 f6 16. exf6 gxf6 17. Rae1 Kf7 18. g4 {[%emt 0:07:03][%cal Bg2g4,Bg4g5][%mdl 32] 0x0.001eba88efdfdp-1022s more active pieces. The black rooks are badly placed.} Rg8 19. Rhg1 ({Much worse is} 19. Bxh7 Rg7 20. Nxc6 bxc6 $15) 19... Bd7 20. g5 Rae8 (20... Nxd4 $142 21. cxd4 f5) 21. Bxh7 $16 Rh8 22. Nf3 e5 {[%emt 0:03:47] [#]} (22... fxg5 $16 {was called for.} 23. Nxg5+ Ke7) 23. gxf6 $1 $18 Kxf6 (23... e4 $142 24. Rg7+ Kxf6 25. Rxd7 exf3 26. Rxe8 (26. Rxb7 Na5 $11) 26... Rxe8) 24. fxe5+ Ke7 25. Rg7+ Kd8 26. e6 Bxe6 {[%emt 0:01:49] [#]} (26... Rxe6 27. Rxe6 Bxe6) 27. Ng5 {[%emt 0:00:50] White is clearly winning.} Bg8 28. Rxe8+ Kxe8 29. Rxg8+ {[%emt 0:00:21] Weighted Error Value: White=0.02 (flawless) /Black=0.41} 1-0

[Event "Olomouc Chess Summer-IM 2022"]
[Site "Olomouc"]
[Date "2022.08.14"]
[Round "3.15"]
[White "Wiley, Tom E"]
[Black "Camarena Jimenez, Rufino"]
[Result "0-1"]
[ECO "A45"]
[WhiteElo "2169"]
[BlackElo "2298"]
[Annotator "TA"]
[PlyCount "92"]
[EventDate "2022.08.10"]
[EventCountry "CZE"]
[SourceTitle "playchess.com"]
[Source "ChessBase"]
[SourceQuality "1"]
[TimeControl "40/5400+30:1800+30"]

1. d4 Nf6 2. Bg5 d5 3. e3 c5 4. Bxf6 gxf6 5. dxc5 e6 6. c4 {[%emt 0:00:36] D00: 1 d4 d5: Unusual lines.} dxc4 7. Nd2 c3 8. bxc3 {[%emt 0:00:05] The position is equal.} Bxc5 9. Qh5 Nd7 10. Ngf3 {[%emt 0:04:52][%cal Bg1f3,Bf3d4,Bd4b5][%mdl 32] [#]} Qc7 $146 ({Predecessor:} 10... f5 11. Bb5 Qf6 12. Rb1 Qg7 13. Qh4 O-O 14. h3 Bb6 15. g4 Bd8 16. Qg3 Nf6 {½-½ (46) Wolf,B (2193)-Hamby,S (2129) FICGS email 2015}) 11. Be2 Ne5 (11... h6 $11) 12. O-O $14 Bd7 13. Ne4 Be7 14. Nd4 Ng6 15. Nb5 Qb8 16. Rfd1 Bc6 17. Ned6+ {[%emt 0:05:54] Pair of Knights!} Kf8 $1 18. Nc4 Kg7 19. Nd4 Ba4 20. Rd2 (20. Rdb1 $5 ) 20... Rd8 21. Rb2 ({White should play} 21. f4 $11) 21... Rd5 $15 22. Qh3 Qc7 23. Rab1 b6 24. Nb5 Bxb5 25. Rxb5 Rad8 26. R5b3 {[%emt 0:01:13] [#]} ({White should try} 26. a4 $15) 26... Rc5 $1 $19 27. Rb4 (27. Nb2 $142) 27... Rc6 28. Ra4 Rd5 29. Nb2 Rxc3 30. Rc4 Rxc4 31. Nxc4 b5 32. e4 Rc5 ({Not} 32... bxc4 33. exd5 exd5 34. Qf5 $11) 33. Ne3 Rc1+ 34. Rxc1 Qxc1+ 35. Bf1 Bc5 36. Ng4 f5 $2 (36... b4 $19 {is more deadly. Strongly threatening ...a5.} 37. e5 fxe5) 37. exf5 $17 exf5 38. Ne3 Bxe3 39. fxe3 {[%emt 0:01:50][%mdl 4096] Endgame KQB-KQN} Qc5 {[%emt 0:01:16] ...b4 is the strong threat. Black is more active.} 40. Qf3 f4 41. Kf2 a5 42. Be2 $2 (42. Qe4 $17 {might work better.}) 42... a4 $19 43. g3 {[%emt 0:00:00] [#]} fxg3+ 44. Qxg3 b4 {[%emt 0:00:47] White must now prevent ...b3. Black is clearly winning.} 45. Qb8 (45. Qg4 $142 b3 46. Bc4) 45... b3 46. axb3 a3 {[%emt 0:00:06] Weighted Error Value: White=0.35/Black=0.15 (very precise)} 0-1

[Event "Olomouc Chess Summer-IM 2022"]
[Site "Olomouc"]
[Date "2022.08.15"]
[Round "4.6"]
[White "Jurek, Josef"]
[Black "Kusa, Jakub"]
[Result "0-1"]
[ECO "A08"]
[WhiteElo "2200"]
[BlackElo "2353"]
[Annotator "TA"]
[PlyCount "60"]
[EventDate "2022.08.10"]
[EventCountry "CZE"]
[SourceTitle "playchess.com"]
[Source "ChessBase"]
[SourceQuality "1"]
[TimeControl "40/5400+30:1800+30"]

1. Nf3 e6 2. g3 d5 3. Bg2 Nf6 4. O-O c5 5. d3 Nc6 6. Nbd2 Be7 7. e4 O-O 8. Re1 Qc7 9. e5 Nd7 10. Qe2 b5 11. h4 b4 12. Nf1 a5 13. Bf4 Ba6 14. Ng5 {[%emt 0:16:41] C00: French: Unusual White 2nd moves.} (14. Ne3 $11 {remains equal.}) 14... Nd4 {[%emt 0:26:22] [#]} 15. Qh5 $146 {[%emt 0:00:48][%mdl 8192] [#]} ({White should play} 15. Qd1 $15) ({Predecessor:} 15. Qd2 a4 16. c3 Nc6 17. Rac1 c4 18. Ne3 Nb6 19. dxc4 bxc3 20. bxc3 Nxc4 21. Qc2 Bxg5 22. hxg5 Nxe3 23. Rxe3 {1-0 (40) Langheinrich,F (2215)-Jordan,R (2175) Germany 1998}) 15... Bxg5 $19 ({Weaker is} 15... h6 16. Bxd5 hxg5 17. Be4 $17) 16. hxg5 {[%emt 0:01:48] Black has a decisive advantage.} Nxc2 17. Ne3 Nxe1 18. Rxe1 Bxd3 19. Nxd5 exd5 20. e6 Qc6 21. exd7 Qxd7 22. Re5 Be4 23. Bxe4 dxe4 24. Rxc5 Rfd8 25. Kg2 Qd1 (25... Rac8 $142 26. Be3 Rxc5 27. Bxc5 Rc8) 26. Qxd1 Rxd1 27. Bc7 $2 {[%emt 0:01:50] [#]} (27. a3) 27... Rd2 {[%emt 0:01:23] Black is clearly winning.} 28. Re5 a4 29. Rxe4 Rxb2 30. Bd6 b3 {[%emt 0:00:55] Black took control after the opening.  Weighted Error Value: White=0.97/Black=0.31} 0-1